 Dungeon Crawl Stone Soup version 0.31-a0-516-gfcb59812bd (webtiles) character file.

Game seed: 1819331613344430606

2 GordonOverkill the Sneak (level 1, -3/11 HPs)
             Began as a Vine Stalker Delver on Aug 10, 2023.
             Slain by a white imp (5 damage)
             ... on level 5 of the Dungeon.
             The game lasted 00:00:44 (132 turns).

GordonOverkill the Sneak (Vine Stalker Delver)       Turns: 132, Time: 00:00:44

Health: -3/11      AC:  3    Str: 14    XL:     1   Next: 30%
Magic:  0/2        EV: 11    Int: 10    God:
Gold:   0          SH:  0    Dex: 15    Spells: 1/1 levels left

rFire   . . .        a - +0 short sword
rCold   . . .        (no shield)
rNeg    . . .        b - +0 leather armour
rPois   .            (no helmet)
rElec   .            (no cloak)
rCorr   .            (no gloves)
SInv    .            (no boots)
Will    .....        (no amulet)
Stlth   +++          (no ring)
HPRegen 0.21/turn    (no ring)
MPRegen 0.08/turn

%: guardian spirit
@: hasted, very quick
A: fangs 2, magic shield, antimagic bite, no potion heal 2
a: no special abilities


You were on level 5 of the Dungeon.
You visited 1 branch of the dungeon, and saw 2 of its levels.

Inventory:

Hand Weapons
 a - a +0 short sword (weapon)
Armour
 b - a +0 leather armour (worn)
Wands
 g - a wand of digging (3)
Scrolls
 c - a scroll of fog
 d - a scroll of revelation
 e - 2 scrolls of fear


   Skills:
 - Level 2.6 Fighting
 - Level 1.7 Short Blades
 - Level 1.5 Dodging
 - Level 6.0 Stealth
 + Level 0.6 Spellcasting


You had one spell level left.
You didn't know any spells.
Your spell library was empty.

Dungeon Overview and Level Annotations

Branches:
Dungeon (6/15)
 Temple: D:4-7

Altars:


Innate Abilities, Weirdness & Mutations

You have extremely sharp teeth.
When hurt, damage is shared between your health and your magic reserves.
Your bite disrupts and absorbs the magic of your enemies.
Potions cannot restore your health.


Message History

The orc is severely wounded.
The orc hits you with a +0 club.
You hit the orc.
You kill the orc!
No target in view!
Things that are here:
a +0 club; an orc corpse You start resting.
You hear a distant slurping noise.
HP restored.
You start resting.
Magic restored.
A white imp comes into view.
The white imp shouts!
The white imp grins evilly.
There is a stone staircase leading down here.
You start waiting.
A white imp is nearby!
The white imp grinds its teeth.
The white imp hits you.
* * * LOW HITPOINT WARNING * * *
The white imp freezes you.
* * * LOW HITPOINT WARNING * * *
There is a stone staircase leading down here.
You are too injured to fight recklessly!
You are too injured to fight recklessly!
You feel yourself speed up. The white imp barely misses you.
You hit the white imp. You bite the white imp.
The white imp's magic leaks into the air.
You drain its magic.
You feel invigorated.
The white imp is moderately wounded.
The white imp hits you but does no damage.
You hit the white imp.
The white imp is moderately wounded.
You hit the white imp but do no damage.
The white imp is moderately wounded.
The white imp hits you.
* * * LOW HITPOINT WARNING * * *
The white imp freezes you.
You die...

#.... #.....# #....
#.....# ###....#####
####.....# ...........#
#....##### ..5........#
#....'.... ...........#
#....#....
...........#####....#.##.
+#######5..........##.##.
#@.)........#..#..
#...........'..'..
#...........##.###
####.....<...#.###
#.........#..#.
#.........#..#.
#....>....#..#.
#.........#+###
#.............


You could see a white imp (magic disrupted).

Vanquished Creatures
  An orc (D:5)
1 creature vanquished.

Notes
Turn   | Place    | Note
-------+----------+-------------------------------------------
     0 | D:5      | GordonOverkill the Vine Stalker Delver began the quest for
                  | the Orb.
     0 | D:5      | Reached XP level 1. HP: 11/11 MP: 2/2
     1 | D:6      | Noticed a water moccasin
    15 | D:6      | Noticed an orc wizard
    78 | D:5      | Noticed an iguana
   132 | D:5      | Slain by a white imp

Illustrated notes

Levels and vault maps discovered:
D:5:      layout_gridville
D:6:      layout_cave_pools, vehumet_crystals, minmay_misc_feat_plants,
          hangedman_abyss_or_decor_jellyfish_corner, kennysheep_nub,
          chequers_jeans

Action                     || total
---------------------------++-------
  Melee: Short sword       ||     5
         Bite              ||     2
    Use: Potion            ||     1
 Armour: Leather armour    ||     2
  Dodge: Dodged            ||     2

Table legend: (Time is in decaauts)
 A = Elapsed time spent in this place.
 B = Non-inter-level travel time spent in this place.
 C = Inter-level travel time spent in this place.
 D = Time resting spent in this place.
 E = Time spent auto-exploring this place.
 F = Levels seen in this place.
 G = Mean time per level.
                   A        B        C        D        E       F      G
               +--------+--------+--------+--------+--------+-----+--------+
         Total |    131 |    131 |      0 |     22 |      0 |   2 |   65.5 |
       Dungeon |    131 |    131 |      0 |     22 |      0 |   2 |   65.5 |
               +--------+--------+--------+--------+--------+-----+--------+

Top non-repeatable levels by time:
     D:5: 107 daAuts
     D:6: 23 daAuts
